 Dungeon Crawl Stone Soup version 0.30-a0-965-g42e074c17a (webtiles) character file.

Game seed: 15399459628406091935

1998 coolguy69 the Slicer (level 9, -1/37 (43) HPs)
             Began as a Vine Stalker Monk on Mar 31, 2023.
             Was a Believer of Makhleb.
             Slain by a wight
             ... wielding a +4 hand axe
              (7 damage)
             ... on level 7 of the Dungeon.
             The game lasted 00:10:02 (6116 turns).

coolguy69 the Slicer (Vine Stalker Monk)            Turns: 6116, Time: 00:10:03

HP:   -1/37 (43)    AC: 18    Str: 18    XL:     9   Next: 21%
MP:   0/12          EV:  6    Int: 10    God:    Makhleb [**....]
Gold: 335           SH:  0    Dex: 17    Spells: 8/8 levels left

rFire   . . .      SeeInvis .    d - +4 dagger (freeze)
rCold   . . .      Faith    .    (no shield)
rNeg    + . .      Spirit   +    q - +0 plate armour
rPois   .          Reflect  .    k - +2 helmet
rElec   .          Rampage  .    u - +2 cloak
rCorr   .          Clarity  +    (no gloves)
Will    ++...                    g - +0 pair of boots Stlth
                                 (no amulet)
HPRegen 1.06/turn                o - ring of positive energy
MPRegen 0.13/turn                (no ring)

@: heavily drained
A: fangs 3, regeneration 1, magic shield, antimagic bite, no potion heal 2,
clarity, low MP 1, strong-willed 1, screaming 1
a: Renounce Religion, Minor Destruction


You were on level 7 of the Dungeon.
You worshipped Makhleb.
Makhleb was pleased with you.
You visited 2 branches of the dungeon, and saw 8 of its levels.

You collected 335 gold pieces.

Inventory:

Hand Weapons
 d - a +4 dagger of freezing (weapon)
 p - a +4 dagger
Armour
 g - a +0 pair of boots (worn)
 k - a +2 helmet (worn)
 l - a +0 ring mail
 q - a +0 plate armour (worn)
 u - a +2 cloak (worn)
Jewellery
 o - a ring of positive energy (left hand)
Wands
 a - a wand of flame (18)
 t - a wand of polymorph (7)
Scrolls
 j - a scroll of immolation {unknown}
 n - 2 scrolls of teleportation
 v - a scroll of identify
 w - a scroll of magic mapping {unknown}
Potions
 b - a potion of attraction {unknown}
 c - a potion of ambrosia
 e - 4 potions of curing {unknown}
 f - a potion of heal wounds
 h - a potion of flight {unknown}
 i - 2 potions of lignification
 m - a potion of haste {unknown}
 r - a potion of invisibility {unknown}
 s - a potion of cancellation


   Skills:
 + Level 2.7 Fighting
 - Level 8.0 Short Blades
 + Level 3.0 Armour
 - Level 2.4 Dodging
 - Level 6.9 Stealth
 * Level 5.4 Invocations


You had 8 spell levels left.
You didn't know any spells.
Your spell library contained the following spells:

 Spells                   Type           Power      Damage    Failure   Level
 Freeze                   Ice            0%         1d3       100%        1
 Magic Dart               Conj           0%         1d3       100%        1
 Slow                     Hex            0%         N/A       100%        1
 Sting                    Tmut/Pois      0%         1d3       100%        1
 Poisonous Vapours        Pois/Air       0%         N/A       100%        2
 Searing Ray              Conj           0%         2d4       100%        2
 Confusing Touch          Hex            0%         N/A       100%        3
 Dazzling Flash           Conj/Hex       0%         N/A       100%        3
 Frozen Ramparts          Ice            0%         1d1       100%        3
 Hailstorm                Conj/Ice       0%         3d3       100%        3
 Vampiric Draining        Necr           0%         2d6       100%        3
 Fulminant Prism          Conj/Hex       0%         3d5       100%        4
 Iskenderun's Mystic Bla  Conj/Tloc      0%         2d3       100%        4
 Olgreb's Toxic Radiance  Pois           0%         N/A       100%        4
 Starburst                Conj/Fire      0%         6d3       100%        6


Dungeon Overview and Level Annotations

Branches:
Dungeon (7/15)             Temple (1/1) D:4

Altars:
Cheibriados
Gozag
Hepliaklqana
Makhleb
Okawaru
Ru
Trog
Vehumet
Wu Jian
Xom
Yredelemnul
Zin

Shops:
D:6 =


Innate Abilities, Weirdness & Mutations

You have razor-sharp teeth.
Your natural rate of healing is unusually fast.
When hurt, damage is shared between your health and your magic reserves.
Your bite disrupts and absorbs the magic of your enemies.
Potions cannot restore your health.
You possess an exceptional clarity of mind.
Your magical capacity is low. (-10% MP)
You are strong-willed. (Will+)
You occasionally shout uncontrollably at your foes.


Message History

Your Armour skill increases to level 3!
You hit the wight but do no damage.
The wight is heavily damaged.
The howler monkey barely misses you.
You barely miss the wight. Your bite misses the wight.
The wight is heavily damaged.
The wight barely misses you. The wight hits you but does no damage.
The howler monkey hits you but does no damage.
You hit the wight.
The wight is severely damaged.
The wight hits you with a +4 hand axe! You partially resist.
You feel drained. The wight barely misses you.
You closely miss the wight. You bite the wight. You drain its power.
You feel invigorated.
The wight is severely damaged.
The howler monkey barely misses you.
You hit the wight but do no damage.
The wight is severely damaged.
The howler monkey hits you but does no damage.
The wight hits you with a +4 hand axe! You partially resist.
You feel drained.
The wight hits you with a +1 long sword of freezing.
You partially resist.
You feel drained. The wight freezes you.
You hit the wight. You bite the wight.
You destroy the wight!
Makhleb accepts your kill.
The howler monkey hits you but does no damage.
You hit the wight but do no damage. The wight hits you with a +4 hand axe.
You partially resist.
You feel drained.
You hit the wight but do no damage.
The howler monkey hits you but does no damage.
The wight hits you with a +4 hand axe!
* * * LOW HITPOINT WARNING * * *
You partially resist.
You feel drained.
The howler monkey attacks as you move away!
The howler monkey hits you but does no damage.
The howler monkey hoots and howls with incredible vigour!
The wight hits you but does no damage.
You hear an angry hiss.
The wight attacks as you move away! The wight hits you with a +4 hand axe!
You die...

...#...>..'....#.......#
†..#......######.......+
...#......#....#.......
...#......'....#.....#
...#(.....#....#.....#
...#......#....'.....#
...#......#....#.....#+#
...'......#....#........
...#......#....#@.......
'###..<...#....#.z......
...#......#....#)h......
...#..##########........
####..# ......### #..#
......# #..# #......#
#..# #......# #..#
######..


You could see a howler monkey (catching breath) and a wight.

Vanquished Creatures
  Eustachio (D:6)
  2 black bears (D:5)
  A phantom (D:5)
  2 kobold brigands (D:6)
  3 bullfrogs
  4 scorpions
  10 wights
  3 hounds
  A jelly (D:6)
  3 sleepcaps
  An orc priest (D:5)
  4 iguanas
  Robin (D:2)
  4 adders
  A gnoll (D:1)
  A shadow imp (D:6)
  A white imp (D:5)
  An ufetubus (D:6)
  3 worms
  3 dart slugs
  3 orcs
  4 ball pythons
  8 bats
  4 endoplasms
  2 giant cockroaches
  14 goblins
  10 hobgoblins
  13 jackals
  14 kobolds
  5 quokkas
  4 frilled lizards
  10 rats
141 creatures vanquished.

Notes
Turn   | Place    | Note
-------+----------+-------------------------------------------
     0 | D:1      | coolguy69 the Vine Stalker Monk began the quest for the
                  | Orb.
     0 | D:1      | Reached XP level 1. HP: 11/11 MP: 2/2
    89 | D:1      | Reached skill level 3 in Short Blades
    97 | D:1      | Reached XP level 2. HP: 9/16 MP: 3/3
   471 | D:1      | Reached XP level 3. HP: 17/19 MP: 2/4
   934 | D:1      | Found a shimmering altar of Xom.
  1183 | D:2      | Gained mutation: Your natural rate of healing is unusually
                  | fast. [Vine Stalker growth]
  1183 | D:2      | Reached XP level 4. HP: 15/23 MP: 3/5
  1406 | D:2      | Reached skill level 4 in Short Blades
  1617 | D:2      | Noticed Robin
  1668 | D:2      | Killed Robin
  2110 | D:3      | Reached XP level 5. HP: 27/27 MP: 6/6
  2136 | D:3      | Found an ornate altar of the Wu Jian Council.
  2301 | D:3      | Gained mutation: Your magical capacity is low. (-10% MP)
                  | [potion of mutation]
  2301 | D:3      | Gained mutation: You are strong-willed. (Will+) [potion of
                  | mutation]
  2301 | D:3      | Gained mutation: You occasionally shout uncontrollably at
                  | your foes. [potion of mutation]
  2301 | D:3      | Gained mutation: You possess an exceptional clarity of
                  | mind. [potion of mutation]
  2789 | D:4      | Found a staircase to the Ecumenical Temple.
  2804 | Temple   | Entered the Ecumenical Temple
  3145 | D:4      | Reached skill level 5 in Short Blades
  3145 | D:4      | Reached XP level 6. HP: 32/32 MP: 6/6
  3198 | D:4      | Reached skill level 5 in Stealth
  3770 | D:5      | Entered Level 5 of the Dungeon
  3782 | D:5      | Reached XP level 7. HP: 27/35 MP: 4/7
  3871 | D:5      | Reached skill level 6 in Short Blades
  3981 | D:5      | Found a sacrificial altar of Ru.
  4102 | D:5      | Reached skill level 7 in Short Blades
  4226 | Temple   | Became a worshipper of Makhleb the Destroyer
  4226 | Temple   | Reached * piety under Makhleb
  4226 | Temple   | Reached ** piety under Makhleb
  4362 | D:5      | Gained mutation: You have razor-sharp teeth. [Vine Stalker
                  | growth]
  4362 | D:5      | Reached XP level 8. HP: 39/39 MP: 8/8
  4555 | D:5      | Found a snail-covered altar of Cheibriados.
  4632 | D:5      | Reached skill level 1 in Invocations
  4802 | D:6      | Reached skill level 1 in Armour
  5094 | D:6      | Found Wiblaoza's Jewellery Shoppe.
  5192 | D:6      | Noticed Eustachio
  5233 | D:6      | Killed Eustachio
  5234 | D:6      | Reached XP level 9. HP: 42/43 MP: 12/12
  5580 | D:6      | Reached skill level 5 in Invocations
  5592 | D:6      | Found a shimmering altar of Xom.
  6107 | D:7      | Reached skill level 8 in Short Blades
  6116 | D:7      | Slain by a wight

Illustrated notes

Levels and vault maps discovered:
D:1:      dpeg_arrival_water_altar, layout_basic, minmay_tall_x
D:2:      layout_basic, amcnicky_mini_rare_corridor_liquid,
          chequers_serial_rivers_small_b, uniq_robin
D:3:      layout_loops_ring, mainiacjoe_overflow_brackets
D:4:      layout_basic, minmay_temple_entry_sparse_star
D:5:      layout_loops_ring, mainiacjoe_overflow_paths, kennysheep_slug_shrine,
          st_stairs_1, nicolae_hexahallways
D:6:      nicolae_cairo_tiling, layout_layer_cave, mainiacjoe_overflow_alcove_1,
          serial_shops, nicolae_shop_competitors_out_of_business, uniq_eustachio
D:7:      layout_gridville, grunt_nemelex_the_gamble, grunt_dithmenos_shadows
Temple:   compressed_dpeg_triangle_lava_temple

Skill      XL: |  1  2  3  4  5  6  7  8  9 |
---------------+----------------------------+-----
Short Blades   | 3 4 5 7 8 |  8.0
Stealth        | 3 4 5 6 |  6.9
Invocations    | 4 5 |  5.4
Armour         | 2 3 |  3.0
Fighting       | |  2.7
Dodging        | |  2.4

Action                     |  1- 3 |  4- 6 |  7- 9 || total
---------------------------+-------+-------+-------++-------
  Melee: Dagger            |    75 |   137 |   270 ||   482
         Bite              |    16 |    36 |    89 ||   141
         Short sword       |     2 |       |       ||     2
         Punch             |       |       |     3 ||     3
  Evoke: Wand              |       |       |     2 ||     2
    Use: Scroll            |     4 |     9 |       ||    13
         Potion            |       |     1 |       ||     1
   Stab: Sleeping          |     8 |     3 |     4 ||    15
         Distracted        |       |     2 |       ||     2
 Armour: Robe              |    10 |       |       ||    10
         Leather armour    |     4 |     9 |       ||    13
         Ring mail         |       |    30 |    71 ||   101
         Plate armour      |       |       |    14 ||    14
  Dodge: Dodged            |    43 |    64 |   109 ||   216

Table legend: (Time is in decaauts)
 A = Elapsed time spent in this place.
 B = Non-inter-level travel time spent in this place.
 C = Inter-level travel time spent in this place.
 D = Time resting spent in this place.
 E = Time spent auto-exploring this place.
 F = Levels seen in this place.
 G = Mean time per level.
                   A        B        C        D        E       F      G
               +--------+--------+--------+--------+--------+-----+--------+
         Total |   5979 |   5594 |    385 |    557 |   4015 |   8 |  747.4 |
       Dungeon |   5927 |   5561 |    366 |    557 |   4015 |   7 |  846.7 |
        Temple |     52 |     33 |     19 |      0 |      0 |   1 |   52.0 |
               +--------+--------+--------+--------+--------+-----+--------+

Top non-repeatable levels by time:
     D:4: 1098 daAuts
     D:6: 1086 daAuts
     D:1: 982 daAuts
     D:2: 929 daAuts
     D:5: 912 daAuts
     D:3: 734 daAuts
     D:7: 182 daAuts
  Temple: 52 daAuts
